AoeStats
← noob

Black Forest

510092389Analyzed
3v3 RM · 2d ago on Sep 29, 2026· 61m 21s· 6 players
Game mode
Random Map
Map size
Normal (6 player)
Population
200
Speed
Normal
Resources
Standard
Victory
Conquest
Starting age
Dark Age
Ending age
Imperial Age
RankedLock teamsTeams togetherTeam positionsShared explorationLock speedFull tech treeHidden civsTurbo modeCheats
Victory
Defeat
🇨🇳 Spanish · China
824
+11
🇷🇴 Varangians · Romania
774
+13
🇭🇺 Byzantines · Hungary
696
+15
🇧🇷 Britons · Brazil
704
-13
🇨🇳 Franks · China
704
-13
🇨🇴 Turks · Colombia
698
-13
CeramicGoose42
5:07 Loom
11:25 Feudal Age
12:03 Horse Collar
12:13 Double-Bit Axe
18:38 Wheelbarrow
17:49 Town Watch
18:02 Gold Mining
22:07 Castle Age
23:05 Heavy Plow
23:56 Bow Saw
23:46 Stone Mining
24:52 Hand Cart
24:54 Caravan
25:51 Stone Shaft Mining
25:21 Town Patrol
32:57 Imperial Age
30:54 Squires
30:40 Gambesons
30:41 Arson
31:11 Forging
31:02 Scale Mail Armor
32:50 Chain Mail Armor
33:10 Iron Casting
34:48 Two-Man Saw
35:56 Crop Rotation
35:10 Elite Varangian Guard
36:52 Blast Furnace
36:23 Murder Holes
36:09 Treadmill Crane
36:43 Masonry
36:57 Ballistics
38:06 Conscription
37:08 Gothikon
39:03 Plate Mail Armor
38:42 Scale Barding Armor
38:12 Elite Jarl
39:38 Architecture
47:32 Vendel Legacy
47:40 Pikeman
47:41 Man-at-Arms
48:30 Scale Barding Armor
48:26 Padded Archer Armor
48:16 Fletching
49:01 Coinage
48:23 Heated Shot
48:54 Ballistics
48:37 Atonement
48:47 Fervor
49:03 Illumination
48:39 Devotion
48:58 Guilds
50:23 Chemistry
48:52 Halberdier
49:06 Long Swordsman
49:48 Two-Handed Swordsman
50:50 Chain Barding Armor
50:47 Leather Archer Armor
50:28 Bodkin Arrow
50:53 Siege Engineers
51:46 Banking
52:16 Plate Barding Armor
51:55 Fortified Wall
51:43 Herbal Medicine
52:25 Theocracy
52:30 Guard Tower
53:02 Faith
53:20 Ring Archer Armor
53:22 Cranequins
53:25 Heavy Mounted Crossbowman
54:26 Siphons
54:41 Shipwright
54:24 Elite Skirmisher
54:26 Crossbowman
54:28 Heavy Scorpion
54:34 Capped Ram
55:30 Clinker Construction
56:13 Bracer
56:33 Careening
57:30 Carvel Hull
57:22 Incendiaries
56:37 Onager
57:56 Siege Ram
58:06 Spies/Treason
59:17 Dry Dock
_bonobo_9
0:28 Loom
14:27 Feudal Age
14:50 Horse Collar
15:00 Double-Bit Axe
20:34 Castle Age
24:11 Wheelbarrow
25:09 Hand Cart
28:31 Heavy Plow
30:16 Gold Mining
34:07 Imperial Age
34:09 Caravan
34:35 Bow Saw
34:31 Elite Varangian Guard
35:00 Arson
35:18 Squires
34:43 Elite Cataphract
35:38 Logistica
35:53 Conscription
35:47 Treadmill Crane
36:18 Fortified Wall
36:29 Ballistics
37:09 Chemistry
36:25 Fortified Wall
36:10 Murder Holes
36:56 Gold Shaft Mining
36:13 Stone Mining
37:25 Two-Man Saw
36:57 Crop Rotation
36:51 Forging
36:42 Scale Mail Armor
40:02 Stone Shaft Mining
39:32 Husbandry
38:54 Heavy Camel Rider
38:58 Pikeman
40:33 Iron Casting
40:14 Chain Mail Armor
40:44 Scale Barding Armor
40:10 Light Cavalry
41:29 Hoardings
42:43 Hussar
43:10 Halberdier
44:34 Plate Mail Armor
44:25 Chain Barding Armor
59:28 Ballistics
59:05 Fletching
59:15 Padded Archer Armor
59:04 Elite Skirmisher
59:51 Thumb Ring
59:28 Onager
60:04 Bodkin Arrow
清风与我
0:36 Loom
13:02 Feudal Age
14:34 Wheelbarrow
13:46 Double-Bit Axe
13:43 Horse Collar
16:09 Gold Mining
20:50 Castle Age
19:21 Stone Mining
21:48 Hand Cart
21:45 Bow Saw
22:05 Heavy Plow
33:26 Imperial Age
34:56 Scale Mail Armor
35:01 Scale Barding Armor
35:06 Forging
34:47 Fletching
34:57 Padded Archer Armor
41:02 Iron Casting
40:42 Chain Mail Armor
40:48 Chain Barding Armor
40:23 Bodkin Arrow
40:43 Leather Archer Armor
40:32 Caravan
40:33 Pikeman
41:14 Squires
41:21 Husbandry
40:42 Cavalier
41:32 Bloodlines
41:21 Town Watch
42:27 Stone Shaft Mining
43:29 Fortified Wall
43:29 Masonry
43:15 Murder Holes
43:42 Ballistics
44:23 Chemistry
44:38 Blast Furnace
44:14 Plate Barding Armor
43:26 Elite Skirmisher
43:38 Halberdier
Mathias1493
14:07 Loom
16:42 Feudal Age
18:00 Wheelbarrow
18:10 Double-Bit Axe
18:10 Horse Collar
18:37 Gold Mining
19:56 Stone Mining
25:07 Forging
24:49 Fletching
29:59 Castle Age
28:08 Padded Archer Armor
28:09 Scale Mail Armor
32:05 Bow Saw
32:14 Hand Cart
32:02 Heavy Plow
32:41 Caravan
38:25 Imperial Age
38:03 Gold Shaft Mining
37:22 Treadmill Crane
40:11 Iron Casting
41:10 Bodkin Arrow
41:21 Scale Barding Armor
42:17 Blast Furnace
42:30 Two-Man Saw
42:05 Fortified Wall
42:17 Bombard Tower
42:53 Artillery
44:18 Elite Janissary
noob
1:41 Loom
12:14 Feudal Age
12:45 Double-Bit Axe
12:54 Gold Mining
18:17 Castle Age
17:05 Stone Mining
19:32 Bow Saw
19:19 Town Watch
25:26 Scale Barding Armor
27:17 Gold Shaft Mining
30:17 Imperial Age
28:59 Husbandry
29:45 Chain Barding Armor
29:38 Forging
30:16 Squires
29:36 Pikeman
30:02 Arson
31:38 Wheelbarrow
32:44 Chemistry
32:07 Ballistics
32:00 Masonry
32:51 Iron Casting
32:20 Scale Mail Armor
32:30 Cavalier
33:37 Halberdier
34:05 Arson
34:25 Murder Holes
34:26 Fletching
36:00 Plate Barding Armor
35:18 Treadmill Crane
36:50 Blast Furnace
36:29 Conscription
36:15 Chivalry
36:51 Architecture
37:35 Chain Mail Armor
37:17 Bodkin Arrow
37:24 Padded Archer Armor
38:52 Paladin
40:45 Plate Mail Armor
40:37 Hand Cart
42:14 Caravan
42:39 Leather Archer Armor
41:47 Elite Skirmisher
43:08 Hoardings
42:46 Cranequins
43:33 Ordonnance Companies
44:17 Town Patrol
44:47 Elite Throwing Axeman
DISK PIZZA
13:07 Feudal Age
14:04 Horse Collar
14:12 Double-Bit Axe
22:49 Castle Age
20:49 Stone Mining
20:49 Gold Mining
24:25 Bow Saw
31:56 Gold Shaft Mining
34:51 Imperial Age
33:42 Padded Archer Armor
33:32 Fletching
37:03 Conscription
37:05 Yeomen
36:07 Elite Longbowman
37:22 Leather Archer Armor
38:32 Ballistics
41:19 Caravan
42:11 Ring Archer Armor
41:36 Bodkin Arrow
42:47 Chemistry
41:41 Gambesons
41:17 Man-at-Arms
41:58 Squires
41:18 Pikeman
42:28 Long Swordsman
43:32 Bracer
46:05 Two-Handed Swordsman
Connection lost

Rejoining the realm…

Still unreachable

The connection could not be restored.

Session expired

The server has moved on; the page needs a fresh start.